 Dungeon Crawl Stone Soup version 0.29-a0-473-gacb4ef3bc5 (webtiles) character file.

Game seed: 6262113845636238761

100 KristoblXynda the Skirmisher (level 4, -12/40 HPs)
             Began as a Draconian Monk on May 23, 2022.
             Killed from afar by Ijyb (22 damage)
             ... with a bolt of acid
             ... on level 3 of the Dungeon.
             The game lasted 00:01:26 (2628 turns).

KristoblXynda the Skirmisher (Draconian Monk)       Turns: 2628, Time: 00:01:26

Health: -12/40     AC:  5    Str: 15    XL:     4   Next: 46%
Magic:  4/4        EV: 13    Int: 11    God:
Gold:   140        SH:  0    Dex: 13    Spells: 3/3 levels left

rFire   . . .      SeeInvis .     - Unarmed
rCold   . . .      Faith    .   (no shield)
rNeg    . . .      Spirit   .   (body armour unavailable)
rPois   .          Reflect  .   (helmet restricted)
rElec   .          Harm     .   (no cloak)
rCorr   .          Rampage  .   (no gloves)
Will    .....                   (no boots)
Stlth   ++........              (no amulet)
HPRegen 0.13/turn               (no ring)
MPRegen 0.09/turn               (no ring)

@: no status effects
A: AC +5, unfitting armour, cold-blooded
a: no special abilities


You were on level 3 of the Dungeon.
You visited 1 branch of the dungeon, and saw 3 of its levels.

You collected 140 gold pieces.

Inventory:

Missiles
 b - 2 throwing nets (quivered)
Jewellery
 g - a +6 ring of dexterity
 q - an amulet of faith
Scrolls
 c - a scroll of amnesia {unknown}
 d - a scroll of fog
 e - a scroll of acquirement {unknown}
 f - 4 scrolls of identify {unknown}
 i - 2 scrolls of enchant weapon
 k - a scroll of immolation {unknown}
 m - a scroll of enchant armour {unknown}
 n - 2 scrolls of blinking {unknown}
 p - a scroll of summoning {unknown}
Potions
 a - 3 potions of ambrosia
 h - a potion of invisibility {unknown}
 j - 2 potions of brilliance {unknown}
 l - a potion of attraction {unknown}
 o - a potion of curing {unknown}
 r - a potion of berserk rage {unknown}
 s - a potion of lignification {unknown}


   Skills:
 + Level 4.3 Fighting
 + Level 3.5 Dodging
 - Level 1.7 Stealth
 + Level 3.8 Unarmed Combat


You had 3 spell levels left.
You didn't know any spells.
Your spell library contained the following spells:

 Spells                   Type           Power      Damage    Failure   Level
 Magic Dart               Conj           0%         1d3       34%         1
 Call Imp                 Summ           0%         N/A       47%         2
 Inner Flame              Hex/Fire       0%         N/A       71%         3
 Mephitic Cloud           Conj/Pois/Air  0%         N/A       71%         3
 Cause Fear               Hex            0%         N/A       98%         4
 Discord                  Hex            0%         N/A       100%        8


Dungeon Overview and Level Annotations

Branches:
Dungeon (3/15)

Altars:
Makhleb

Annotations:
D:3 Ijyb


Innate Abilities, Weirdness & Mutations

Your plain brown scales are hard. (AC +5)
You cannot fit into any form of body armour.
You are cold-blooded and may be slowed by cold attacks.


Message History

The bat barely misses you.
The endoplasm jiggles.
The bat misses you.
You hit the endoplasm. You punch the endoplasm.
You kill the endoplasm!
The bat misses you.
You hit the bat.
You kill the bat!
No target in view!
No target in view!
No target in view!
No target in view!
No target in view!
No target in view!
No target in view!
No target in view!
No target in view!
No target in view!
No target in view!
No target in view!
No target in view!
No target in view!
No target in view!
No target in view!
No target in view!
You now have 140 gold pieces (gained 15).
Found a stone staircase leading up.
There is a stone staircase leading up here.
Ijyb the Twisted Goblin comes into view.
She is wielding a +0 dagger and carrying a wand of acid (5).
Ijyb shouts!
You hear a shout!
Ijyb is nearby!
A hobgoblin comes into view.
The hobgoblin shouts!
Ijyb zaps a wand.
The bolt of acid hits you!!
Ouch! That really hurt!
* * * LOW HITPOINT WARNING * * *
Okay, then.
Ijyb zaps a wand.
The bolt of acid hits you!!
Ouch! That really hurt!
You die...

############
#..........#
#.########.#
#<# #.# #.#
#.####
####.#
#.....
#....#
######
#.####
#@#### ###
#....# #..
#.......#
#.#
#.#........#
#.# #
#..g.....#
#.#
#........#
#.#
##.g..##.#
#.# .....#
.# #..
#.##.# # ###


You could see Ijyb and a hobgoblin.

Vanquished Creatures
  An orc wizard (D:3)
  An adder (D:2)
  3 worms
  3 orcs (D:3)
  7 bats
  4 endoplasms
  4 giant cockroaches
  4 goblins (D:1)
  4 hobgoblins
  2 kobolds
  6 quokkas (D:1)
  3 ball pythons
  4 frilled lizards
  3 rats
49 creatures vanquished.

Notes
Turn   | Place    | Note
-------+----------+-------------------------------------------
     0 | D:1      | KristoblXynda the Draconian Monk began the quest for the
                  | Orb.
     0 | D:1      | Reached XP level 1. HP: 19/19 MP: 1/1
   242 | D:1      | Reached XP level 2. HP: 26/26 MP: 2/2
   403 | D:1      | Found a faded altar of an unknown god.
   789 | D:1      | Reached XP level 3. HP: 30/33 MP: 3/3
  1216 | D:2      | Found a burning altar of Makhleb.
  1422 | D:2      | Reached skill level 4 in Fighting
  1707 | D:2      | Identified the +9 dagger of Righteous Anger {flame, rF- rN+
                  | MP+9 Int+2}
  2103 | D:3      | Reached XP level 4. HP: 24/40 MP: 4/4
  2625 | D:3      | Noticed Ijyb
  2628 | D:3      | Killed from afar by Ijyb

Illustrated notes

Levels and vault maps discovered:
D:1:      dpeg_arrival_pond, layout_basic, basic_ecumenical_altar
D:2:      layout_loops_ring, basic_altar
D:3:      layout_loops_cross, gammafunk_temple_overflow_statue,
          minmay_misc_feat_columns, uniq_ijyb, uniq_natasha

Skill      XL: |  1  2  3 |
---------------+----------+-----
Dodging        | 3 |  3.5
Fighting       | 4 |  4.3
Stealth        | |  1.7
Unarmed Combat | |  3.8

Action                   |  1- 3 |  4- 6 || total
-------------------------+-------+-------++-------
Melee: Unarmed           |   163 |    24 ||   187
       Tailslap          |    20 |     3 ||    23
       Punch             |     4 |     1 ||     5
  Use: Scroll            |     2 |       ||     2
 Stab: Sleeping          |     6 |       ||     6
Armor: Skin              |    50 |     5 ||    55
Dodge: Dodged            |    95 |     9 ||   104

Table legend: (Time is in decaauts)
 A = Elapsed time spent in this place.
 B = Non-inter-level travel time spent in this place.
 C = Inter-level travel time spent in this place.
 D = Time resting spent in this place.
 E = Time spent auto-exploring this place.
 F = Levels seen in this place.
 G = Mean time per level.
                   A        B        C        D        E       F      G
               +--------+--------+--------+--------+--------+-----+--------+
         Total |   2614 |   2530 |     84 |    290 |   1878 |   3 |  871.3 |
       Dungeon |   2614 |   2530 |     84 |    290 |   1878 |   3 |  871.3 |
               +--------+--------+--------+--------+--------+-----+--------+

Top non-repeatable levels by time:
     D:1: 1174 daAuts
     D:2: 875 daAuts
     D:3: 564 daAuts
